 Dungeon Crawl Stone Soup version 0.21.1-1-g345015fe64 (webtiles) character file.

57 KleinerIrrer the Chopper (level 4, -3/35 HPs)
             Began as a Formicid Fighter on Mar 17, 2018.
             Killed from afar by an orc wizard (9 damage)
             ... with a puff of flame
             ... on level 2 of the Dungeon.
             The game lasted 00:01:08 (649 turns).

KleinerIrrer the Chopper (Formicid Fighter)          Turns: 649, Time: 00:01:09

Health: -3/35      AC:  6    Str: 22    XL:     4   Next: 18%
Magic:  4/4        EV:  8    Int:  7    God:
Gold:   11         SH:  9    Dex: 10    Spells: 3/3 levels left

rFire    . . .     SeeInvis +   a - +0 war axe
rCold    . . .     Gourm    .   c - +0 shield
rNeg     . . .     Faith    .   b - +0 scale mail
rPois    .         Spirit   .   (helmet unavailable)
rElec    .         Reflect  .   (no cloak)
rCorr    .         Harm     .   (no gloves)
MR       .....                  (no boots)
Stlth    ..........             (no amulet)
HPRegen  0.11/turn              (no ring)
MPRegen  0.09/turn              (no ring)

@: no status effects
A: permanent stasis, dig shafts and tunnels, four strong arms, antennae 3
a: Dig, Shaft Self


You were on level 2 of the Dungeon.
You were not hungry.

You visited 1 branch of the dungeon, and saw 2 of its levels.

You collected 11 gold pieces.

Inventory:

Hand Weapons
 a - a +0 war axe (weapon)
Armour
 b - a +0 scale mail (worn)
 c - a +0 shield (worn)
Scrolls
 g - a scroll of enchant armour {unknown}
 h - 5 scrolls of identify {unknown}
 k - 2 scrolls of teleportation {unknown}
 m - a scroll of fog {unknown}
Potions
 d - a potion of might
 e - a potion of ambrosia {unknown}
 i - a potion of curing {unknown}
 j - a potion of cancellation {unknown}
 l - a potion of mutation {unknown}
Comestibles
 f - 2 rations
 n - 2 chunks of flesh


   Skills:
 - Level 3.2 Fighting
 + Level 4.1 Axes
 - Level 3.2 Armour
 - Level 3.6 Shields


You had 3 spell levels left.
You didn't know any spells.

Dungeon Overview and Level Annotations

Branches:
Dungeon (2/15)

Altars:
Xom


Innate Abilities, Weirdness & Mutations

You cannot be hasted, slowed, berserked, paralysed or teleported.
You can dig through walls and to a lower floor.
Your four strong arms can wield two-handed weapons with a shield.
You have a pair of large antennae on your head. (SInv)


Message History

Your shield and scale mail prevent you from hitting the orc priest.
The bat hits you but does no damage. The bat barely misses you.
The orc priest mumbles some strange prayers to Beogh against you.
Beogh smites you! The orc wizard hits you with a dagger.
* * * LOW HITPOINT WARNING * * *
The bat hits you but does no damage.
The orc priest looks braver for a moment.
The orc warrior hits you from afar with a halberd.
* * * LOW HITPOINT WARNING * * *
You block the bat's attack. You block the bat's attack.
The orc wizard mumbles some strange words.
The orc wizard seems to speed up.
You block the bat's attack. You block the orc warrior's attack.
A bat comes into view.
You block the bat's attack. The bat hits you but does no damage.
The orc wizard casts a spell at you. The puff of flame hits you!
You die...

############
#.....<....####
#.###.........#
#####[###.###.###.####
####.........# #.# #.....
.....###@#...###+###.....
#...#.#.#...+_###.....
####+#.obo.#.#.###+###....(
#...%...oo...#.# #.# #.....
#.....oS######.###.###.....
+.:.....'................##
#.......#.###......###...#
.........###.# ########
#...## ...#####.# #.#
######...'.


You could see an orc warrior, an orc wizard, an adder and an orc.

Vanquished Creatures
  Terence (D:2)
  A leopard gecko (D:1)
  A ball python (D:1)
  4 bats
  2 giant cockroaches
  4 goblins
  2 hobgoblins (D:1)
  4 jackals (D:1)
  6 kobolds
  A frilled lizard (D:2)
  A rat (D:1)
27 creatures vanquished.

Notes
Turn   | Place    | Note
-------+----------+-------------------------------------------
     0 | D:1      | KleinerIrrer the Formicid Fighter began the quest for the Orb.
     0 | D:1      | Reached XP level 1. HP: 18/18 MP: 1/1
    13 | D:1      | Reached XP level 2. HP: 23/24 MP: 2/2
    98 | D:1      | Reached skill level 3 in Axes
   208 | D:1      | Reached XP level 3. HP: 28/29 MP: 3/3
   569 | D:2      | Noticed Terence
   576 | D:2      | Killed Terence
   576 | D:2      | Reached skill level 4 in Axes
   576 | D:2      | Reached XP level 4. HP: 30/35 MP: 4/4
   597 | D:2      | Found a shimmering altar of Xom.
   636 | D:2      | Noticed an orc warrior
   649 | D:2      | Killed from afar by an orc wizard

Skill      XL: |  1  2  3 |
---------------+----------+-----
Axes           | 3 4 |  4.1
Fighting       | |  3.2
Armour         | |  3.2
Shields        | |  3.6

Action                   |  1- 3 |  4- 6 || total
-------------------------+-------+-------++-------
Melee: War axe           |    84 |     5 ||    89
Armor: Scale mail        |    61 |     7 ||    68
Dodge: Dodged            |    29 |     2 ||    31
Block: Shield            |    53 |     9 ||    62
